 Dungeon Crawl Stone Soup version 0.30.0-19-g36f170ea60 (webtiles) character file.

Game seed: 9737188351131272112

115 PaiMei the Digger (level 5, -4/30 HPs)
             Began as a Gargoyle Earth Elementalist on May 30, 2023.
             Slain by a gnoll
             ... wielding a +0 spear
              (6 damage)
             ... on level 3 of the Dungeon.
             The game lasted 00:05:46 (2415 turns).

PaiMei the Digger (Gargoyle Earth Elementalist)     Turns: 2415, Time: 00:05:47

Health: -4/30      AC:  6    Str: 12    XL:     5   Next: 0%
Magic:  8/9        EV: 12    Int: 17    God:
Gold:   144        SH:  0    Dex: 10    Spells: 8/9 levels left

rFire   . . .        u - +0 quarterstaff
rCold   . . .        (shield currently unavailable)
rNeg    + + .        a - +0 robe
rPois   ∞            (no helmet)
rElec   +            (no cloak)
rCorr   .            (no gloves)
SInv    .            (no boots)
Will    .....        f - amulet of magic regeneration
Stlth   ++           m - ring of positive energy
HPRegen 0.25/turn    c - ring of flight
MPRegen 0.51/turn

%: no passive effects
@: flying
A: sickness immunity, AC +4, negative energy resistance 1, electricity
resistance, torment resistance 1, petrification resistance
a: no special abilities


You were on level 3 of the Dungeon.
You visited 1 branch of the dungeon, and saw 4 of its levels.

You collected 144 gold pieces.

Inventory:

Hand Weapons
 g - a +0 short sword
 k - a +0 whip
 r - the +10 sling of Xyupnoa {antimagic, Str+2 Int+4}
   (You found it on level 3 of the Dungeon)

   Str:       It affects your strength (+2).
   Int:       It affects your intelligence (+4).
 u - a +0 quarterstaff (weapon)
Missiles
 e - 34 stones
Armour
 a - a +0 robe (worn)
Jewellery
 c - a ring of flight (right hand)
 f - an amulet of magic regeneration (around neck)
 m - a ring of positive energy (left hand)
 q - a ring of protection from cold
Scrolls
 h - a scroll of torment {unknown}
 i - a scroll of enchant armour {unknown}
 j - 4 scrolls of identify {unknown}
 l - a scroll of fog {unknown}
 n - a scroll of blinking {unknown}
 p - a scroll of butterflies {unknown}
 s - 2 scrolls of teleportation {unknown}
Potions
 b - 2 potions of magic
 d - 2 potions of brilliance {unknown}
 o - a potion of attraction {unknown}
 t - a potion of haste {unknown}


   Skills:
 + Level 2.0 Fighting
 + Level 1.9 Armour
 - Level 1.7 Dodging
 - Level 2.3 Stealth
 + Level 2.8 Spellcasting
 - Level 1.0 Transmutations
 + Level 4.5 Earth Magic


You had 8 spell levels left.
You knew the following spells:

 Your Spells              Type           Power      Damage    Failure   Level
a - Sandblast             Erth           34%        2d9       2%          1

Your spell library contained the following spells:

 Spells                   Type           Power      Damage    Failure   Level
 Passwall                 Tmut/Erth      9%         N/A       9%          2
 Necrotise                Necr           8%         1d4       19%         1
 Stone Arrow              Conj/Erth      20%        3d8       22%         3
 Petrify                  Tmut/Erth      11%        N/A       50%         4


Dungeon Overview and Level Annotations

Branches:
Dungeon (4/15)
 Temple: D:4-7

Altars:
Wu Jian

Annotations:
D:2 Sigmund
D:4 Grinder


Innate Abilities, Weirdness & Mutations

You are immune to sickness and miasma.
Your stone body is resilient. (AC +4)
You are immune to poison.
You resist negative energy. (rN+)
You are resistant to electric shocks. (rElec)
You are resistant to unholy torment.
You are immune to petrification.


Message History

The ball python barely misses you. The ball python closely misses you.
The gnoll hits you with a +0 flail. The gnoll closely misses you.
The gnoll closely misses you.
The gnoll hits you from afar with a +0 spear.
The ball python misses you. The ball python grabs you.
The ball python constricts you.
You escape the ball python's grasp.
The gnoll hits you with a +0 flail! The ball python barely misses you.
The ball python misses you.
The ball python attacks as you move away!
The ball python bites you but does no damage.
The ball python closely misses you.
The ball python bites you but does no damage.
The ball python closely misses you.
You hit the ball python.
You kill the ball python!
The gnoll hits you from afar with a +0 spear.
The gnoll barely misses you.
The gnoll hits you from afar with a +0 spear.
You have reached level 5!
Casting: Sandblast (safe; 2% risk of failure)
Confirm with . or Enter, or press ? or * to list all spells.
Aiming: Sandblast (safe; 2% risk of failure)
Press: ? - help, Shift-Dir - straight line, f - gnoll
Aim: a gnoll, wielding a +0 flail (84% to hit)
The blast of sand hits the gnoll.
The gnoll is heavily wounded.
The gnoll hits you with a +0 flail.
* * * LOW HITPOINT WARNING * * *
The gnoll hits you from afar with a +0 spear.
* * * LOW HITPOINT WARNING * * *
Casting: Sandblast (safe; 2% risk of failure)
Confirm with . or Enter, or press ? or * to list all spells.
Aiming: Sandblast (safe; 2% risk of failure)
Press: ? - help, Shift-Dir - straight line, f/p - gnoll
Aim: a gnoll, wielding a +0 flail (moderately wounded, 84% to hit)
The blast of sand hits the gnoll!
You kill the gnoll!
The gnoll closely misses you.
The gnoll hits you from afar with a +0 spear.
You die...

##### ####>..#
#......#### #......)@.#
#..=..g##.#
####'####.## ########
#.......###......#####
##'####...##...........
#...##.....'...........
#........#.#...........
#...##.#.#.#.#.....)...
###....#...#.#.........


You could see a gnoll.

Vanquished Creatures
  An orc priest (D:3)
  3 adders
  A gnoll (D:3)
  3 worms
  3 orcs (D:3)
  3 endoplasms (D:1)
  4 giant cockroaches
  4 goblins
  3 hobgoblins
  A quokka (D:2)
  6 ball pythons
  4 bats
  6 frilled lizards
  5 kobolds
  4 rats
51 creatures vanquished.

Notes
Turn   | Place    | Note
-------+----------+-------------------------------------------
     0 | D:1      | PaiMei the Gargoyle Earth Elementalist began the quest for
                  | the Orb.
     0 | D:1      | Reached XP level 1. HP: 10/10 MP: 3/3
   227 | D:1      | Reached skill level 1 in Transmutations
   227 | D:1      | Reached XP level 2. HP: 11/15 MP: 5/5
   556 | D:1      | Found a faded altar of an unknown god.
   585 | D:1      | Got Plato's Precepts of Nightshade
   881 | D:2      | Noticed Sigmund
   976 | D:2      | Reached skill level 1 in Armour
   976 | D:2      | Reached skill level 4 in Earth Magic
   976 | D:2      | Reached XP level 3. HP: 19/20 MP: 6/6
  1003 | D:2      | Reached skill level 1 in Fighting
  1621 | D:2      | Reached XP level 4. HP: 16/25 MP: 7/7
  1773 | D:3      | Identified the +10 sling of Xyupnoa {antimagic, Str+2
                  | Int+4}
  2099 | D:3      | Found an ornate altar of the Wu Jian Council.
  2367 | D:4      | Noticed Grinder
  2414 | D:3      | Reached XP level 5. HP: 9/30 MP: 9/9
  2414 | D:3      | HP: 1/30 [gnoll/+0 spear (3)]
  2415 | D:3      | Slain by a gnoll

Illustrated notes

Levels and vault maps discovered:
D:1:      dpeg_arrival_tiny_a, layout_rooms,
          shapermc_ecumenical_altar_rom_forum, minmay_misc_feat_chi
D:2:      layout_rooms, uniq_sigmund
D:3:      layout_basic, nicolae_wu_jian_glorious_leap
D:4:      minmay_skewed_foursquare, layout_rooms, kennysheep_mini,
          grunt_decor_arrowhead, kennysheep_big_empty_room, uniq_edmund,
          uniq_duvessa, uniq_grinder

Skill      XL: |  1  2  3  4 |
---------------+-------------+-----
Transmutations | 1 |  1.0
Armour         | 1 |  1.9
Earth Magic    | 4 |  4.5
Fighting       | 1 2 |  2.0
Dodging        | |  1.7
Stealth        | |  2.3
Spellcasting   | |  2.8

Action                     |  1- 3 |  4- 6 || total
---------------------------+-------+-------++-------
  Melee: Unarmed           |    10 |       ||    10
         Short sword       |    43 |       ||    43
         Whip              |   103 |    78 ||   181
         Punch             |     4 |     1 ||     5
         Quarterstaff      |       |     1 ||     1
   Cast: Sandblast         |     9 |     7 ||    16
   Stab: Sleeping          |     3 |     2 ||     5
 Armour: Robe              |    49 |    65 ||   114
  Dodge: Dodged            |   110 |   107 ||   217
